 Dungeon Crawl Stone Soup version 0.28.0 (webtiles) character file.

Game seed: 12609102102884720863

11 AmazingTV the Sneak (level 2, -2/13 HPs)
             Began as a Spriggan Venom Mage on July 5, 2022.
             Slain by a kobold (4 damage)
             ... on level 1 of the Dungeon.
             The game lasted 00:01:38 (370 turns).

AmazingTV the Sneak (Spriggan Venom Mage)            Turns: 370, Time: 00:01:39

Health: -2/13      AC:  2    Str:  4    XL:     2   Next: 13%
Magic:  3/6        EV: 17    Int: 16    God:
Gold:   56         SH:  0    Dex: 15    Spells: 5/6 levels left

rFire   . . .      SeeInvis +   a - +0 short sword {short}
rCold   . . .      Faith    .   (no shield)
rNeg    . . .      Spirit   .   c - +0 robe
rPois   .          Reflect  .   (helmet restricted)
rElec   .          Harm     .   (no cloak)
rCorr   .          Rampage  .   (gloves unavailable)
Will    .....                   (boots unavailable)
Stlth   ++........              (no amulet)
HPRegen 0.04/turn               (no ring)
MPRegen 0.10/turn               (no ring)

@: very quick
A: very small, no large weapons, unfitting armour, see invisible, speed 3
a: no special abilities


You were on level 1 of the Dungeon.
You visited 1 branch of the dungeon, and saw 1 of its levels.

You collected 56 gold pieces.


Innate Abilities, Weirdness & Mutations

You are very small and have problems with some larger weapons.
You are too small for most types of armour.
You have supernaturally acute eyesight. (SInv)
You cover ground extremely quickly. (Speed+++)


   Skills:
 + Level 0.6 Short Blades
 + Level 3.0 Dodging
 + Level 3.2 Stealth
 + Level 2.9 Spellcasting
 + Level 1.7 Transmutations
 + Level 3.1 Poison Magic


You had 5 spell levels left.
You knew the following spells:

 Your Spells              Type           Power      Damage    Failure   Level
a - Sting                 Tmut/Pois      40%        1d5       7%          1

Your spell library contained the following spells:

 Spells                   Type           Power      Damage    Failure   Level
 Poisonous Vapours        Pois/Air       14%        N/A       16%         2
 Mephitic Cloud           Conj/Pois/Air  5%         N/A       36%         3
 Olgreb's Toxic Radiance  Pois           12%        N/A       47%         4

Inventory:

Hand Weapons
 a - a +0 short sword (weapon) {short}
   (You found it on level 1 of the Dungeon)
Armour
 c - a +0 robe (worn)
Potions
 b - a potion of haste {unknown}
 d - a potion of might {unknown}
 e - a potion of cancellation {unknown}

Dungeon Overview and Level Annotations

Branches:
Dungeon (1/15)

Altars:

#..#.# #. #..#
##..#.####..##..####.#
.#
.#....................#
.##.#...#.####..##..#
....#...........##..#
..........# #.# #..#
≈≈≈...###.# #.# #..#
..≈≈..###.####.###..#
...≈≈..##.......@K..#
.8..≈≈.##.######.#.##
.....≈..#.# #.#...
.....≈....# #.#####
....≈≈.##.# #.#
8..≈≈..##.# #.#
..≈≈...##.# #.#
≈≈≈..#.##.# #.#
.....#.##.#


You could see a kobold.


Message History

The rat closely misses you.
The rat twitches its whiskers.
The sting hits the rat but does no damage.
The rat is poisoned. 😎 MP[-1]
You lost 1 mp, and now have 4/5 mp.
You closely miss the rat. The rat bites you but does no damage.
You closely miss the rat. The rat misses you. x2
You hit the rat.
You kill the rat!
The sting hits the endoplasm.
The endoplasm is poisoned.
The endoplasm closely misses you. 😎 MP[-1]
You lost 1 mp, and now have 3/5 mp.
You hit the endoplasm. The endoplasm misses you.
You hit the endoplasm.
You kill the endoplasm! 😎 MP[+2]
Your mp is fully restored (5).
A bat comes into view.
You see here 10 gold pieces.
The helpless frilled lizard fails to defend itself.
You puncture the frilled lizard!
You kill the frilled lizard!
You see here a frilled lizard corpse.
The helpless bat fails to defend itself.
You puncture the bat!
You kill the bat!
You have reached level 2! 😎 HP[+4] MP[+1]
You now have 13 max hp (+4).
Your hp is fully restored (13).
Your mp is fully restored (6).
You see here a frilled lizard corpse.
You now have 51 gold pieces (gained 10).
There is a stone staircase leading down here.
A rat comes into view.
You hit the rat.
You kill the rat!
You see here a rat corpse.
You see here a rat corpse.
e - a fuming emerald potion
Found a stone staircase leading down.
You now have 56 gold pieces (gained 5).
An endoplasm comes into view.
A kobold comes into view. It is wielding a +0 whip.
A frilled lizard comes into view.
The endoplasm quivers.
The endoplasm barely misses you.
You hit the endoplasm but do no damage.
The frilled lizard hisses angrily.
The endoplasm hits you but does no damage.
You hit the endoplasm. The endoplasm hits you. 😕 HP[-2]
You take 2 damage, and now have 11/13 hp.
The sting hits the endoplasm.
The endoplasm partially resists.
The endoplasm is poisoned.
You kill the endoplasm!
The kobold hits you with a +0 whip. 😮 HP[-2] MP[-1]
You take 2 damage, and now have 9/13 hp.
You lost 1 mp, and now have 5/6 mp.
You are too injured to fight recklessly!
Aiming: Sting (safe; 7% risk of failure)
Press: ? - help, Q - select action Shift-Dir - straight line, f - kobold
Aim: a kobold, wielding a +0 whip (64% to hit)
The sting misses the kobold. 😮 MP[-1]
You lost 1 mp, and now have 4/6 mp.
You barely miss the kobold. The kobold closely misses you.
You barely miss the kobold.
The kobold hits you with a +0 whip. 😮 HP[-1]
You take 1 damage, and now have 8/13 hp.
You barely miss the kobold.
The kobold hits you with a +0 whip. 😮 HP[-1] MP[+1]
You take 1 damage, and now have 7/13 hp.
Aiming: Sting (safe; 7% risk of failure)
Press: ? - help, Q - select action Shift-Dir - straight line, f/p - kobold
Aim: a kobold, wielding a +0 whip (64% to hit)
The sting misses the kobold.
The sting misses the frilled lizard.
The kobold completely misses you. 😮 MP[-1]
You lost 1 mp, and now have 4/6 mp.
You hit the kobold. The kobold barely misses you.
Aiming: Sting (safe; 7% risk of failure)
Press: ? - help, Q - select action Shift-Dir - straight line, f - frilled lizard, p - kobold
Aim: a frilled lizard (53% to hit)
The sting misses the kobold.
The sting hits the frilled lizard.
The frilled lizard is poisoned.
You kill the frilled lizard!
A bat comes into view.
The kobold hits you with a +0 whip.
* * * LOW HITPOINT WARNING * * *
The bat moves out of view.
Your Dodging skill increases to level 3! 😱 HP[-5] MP[-1]
You take 5 damage, and now have 2/13 hp.
MASSIVE DAMAGE!! (PAUSE)
You lost 1 mp, and now have 3/6 mp.
You miss the kobold. The kobold hits you with a +0 whip.
You die...

Skill      XL: |  1  2 |
---------------+-------+-----
Dodging        | 3 |  3.0
Short Blades   | |  0.6
Stealth        | |  3.2
Spellcasting   | |  2.9
Transmutations | |  1.7
Poison Magic   | |  3.1

Action                   || total
-------------------------++-------
Melee: Short sword       ||    20
 Cast: Sting             ||     8
 Stab: Sleeping          ||     3
Armor: Robe              ||     3
Dodge: Dodged            ||    10

Levels and vault maps discovered:
D:1:      moated_graveyard_arrival, layout_loops_ring

Notes
Turn   | Place    | Note
-------+----------+-------------------------------------------
     0 | D:1      | AmazingTV the Spriggan Venom Mage began the quest for the
                  | Orb.
     0 | D:1      | Reached XP level 1. HP: 9/9 MP: 5/5
     0 | D:1      | magus.rc [v1.9.6]
   279 | D:1      | Reached XP level 2. HP: 13/13 MP: 6/6
   369 | D:1      | HP: 2/13 [kobold (5)]
   370 | D:1      | Reached skill level 3 in Dodging
   370 | D:1      | Slain by a kobold

Vanquished Creatures
  A ball python (D:1)
  A bat (D:1)
  4 endoplasms (D:1)
  2 frilled lizards (D:1)
  2 rats (D:1)
10 creatures vanquished.

Table legend:
 A = Non-vault XP
 B = Vault XP
 C = Vault XP percentage of total XP
 D = Non-vault monster count
 E = Vault monster count
 F = Vault count percentage of total count
                 A         B        C        D         E       F
            +---------+---------+-------+---------+---------+-------
      Total |      16 |       0 |   0.0 |      10 |       0 |   0.0
            +---------+---------+-------+---------+---------+-------
        D:1 |      16 |       0 |   0.0 |      10 |       0 |   0.0
            +---------+---------+-------+---------+---------+-------

Illustrated notes

Table legend:
 A = Kills in this place as a percentage of kills in entire the game.
 B = Kills by you in this place as a percentage of kills by you in the entire game.
 C = Kills by friends in this place as a percentage of kills by friends in the entire game.
 D = Other kills in this place as a percentage of other kills in the entire game.
 E = Experience gained in this place as a percentage of experience gained in the entire game.
 F = Experience gained in this place divided by the number of levels of this place that you have seen.
                   A       B       C       D       E      F
               +-------+-------+-------+-------+-------+----------------------
         Total | 100.0 | 100.0 |   N/A |   N/A | 100.0 |  16.0
       Dungeon | 100.0 | 100.0 |   N/A |   N/A | 100.0 |  16.0
               +-------+-------+-------+-------+-------+----------------------

Table legend: (Time is in decaauts)
 A = Elapsed time spent in this place.
 B = Non-inter-level travel time spent in this place.
 C = Inter-level travel time spent in this place.
 D = Time resting spent in this place.
 E = Time spent auto-exploring this place.
 F = Levels seen in this place.
 G = Mean time per level.
                   A        B        C        D        E       F      G
               +--------+--------+--------+--------+--------+-----+--------+
         Total |    293 |    293 |      0 |    118 |     94 |   1 |  293.0 |
       Dungeon |    293 |    293 |      0 |    118 |     94 |   1 |  293.0 |
               +--------+--------+--------+--------+--------+-----+--------+

Top non-repeatable levels by time:
     D:1: 293 daAuts
